 Dungeon Crawl Stone Soup version 0.30.0-19-g36f170ea60 (webtiles) character file.

Game seed: 9718653698304536516

1786 cheesebisquit the Geomancer (level 9, -1/54 HPs)
             Began as a Gargoyle Earth Elementalist on May 30, 2023.
             Slain by an orc warrior
             ... wielding a +2 mace of venom
              (13 damage)
             ... on level 7 of the Dungeon.
             The game lasted 00:18:02 (5786 turns).

cheesebisquit the Geomancer (GrEE)                  Turns: 5786, Time: 00:18:03

Health: -1/54      AC: 10    Str: 12    XL:     9   Next: 8%
Magic:  2/15       EV: 17    Int: 20    God:
Gold:   36         SH:  0    Dex:  7    Spells: 12/16 levels left

rFire   . . .        t - staff of earth
rCold   . . .        (no shield)
rNeg    + . .        j - +1 robe of Ivvuumah {Fly rPois Dex-3}
rPois   ∞            w - +1 hat
rElec   +            (no cloak)
rCorr   .            (no gloves)
SInv    .            (no boots)
Will    +....        (no amulet)
Stlth   ++           z - +5 ring of evasion
HPRegen 0.29/turn    F - ring of willpower
MPRegen 0.14/turn

%: no passive effects
@: flying
A: sickness immunity, AC +6, negative energy resistance 1, electricity
resistance, torment resistance 1, petrification resistance
a: no special abilities


You were on level 7 of the Dungeon.
You visited 2 branches of the dungeon, and saw 8 of its levels.

You collected 484 gold pieces.
You spent 448 gold pieces at shops.

Inventory:

Hand Weapons
 b - a +1 dagger of venom
 u - the +0 dagger of World's End {freeze, rElec rPois Str+3}
   (You found it on level 3 of the Dungeon)

   Str:       It affects your strength (+3).
   rElec:     It insulates you from electricity.
   rPois:     It protects you from poison.
Missiles
 a - a throwing net
 k - 16 poisoned darts
 C - 6 javelins
Armour
 j - the +1 robe of Ivvuumah (worn) {Fly rPois Dex-3}
   (You found it on level 2 of the Dungeon)

   Dex:       It affects your dexterity (-3).
   rPois:     It protects you from poison.
   Fly:       It grants you flight.
 w - a +1 hat (worn)
Magical Staves
 t - a staff of earth (weapon)
Jewellery
 z - a +5 ring of evasion (left hand)
 D - an amulet of faith
 F - a ring of willpower (right hand)
Wands
 l - a wand of digging (15)
 n - a wand of roots (5)
 p - a wand of flame (6)
 E - a wand of paralysis (14)
Scrolls
 c - a scroll of teleportation
 d - 3 scrolls of vulnerability
 f - a scroll of fear {unknown}
 i - a scroll of blinking {unknown}
 o - a scroll of noise {unknown}
 v - a scroll of silence {unknown}
 x - a scroll of magic mapping {unknown}
 y - 2 scrolls of poison
 A - a scroll of torment {unknown}
 G - a scroll of amnesia {unknown}
Potions
 g - 3 potions of curing
 h - a potion of ambrosia
 q - a potion of berserk rage
 r - 3 potions of lignification
 s - 2 potions of attraction
 B - 2 potions of flight
 H - a potion of invisibility
 I - a potion of degeneration


   Skills:
 + Level 5.3 Fighting
 + Level 4.4 Dodging
 - Level 2.1 Stealth
 - Level 4.0 Spellcasting
 + Level 4.9 Conjurations
 - Level 0.7 Transmutations
 + Level 8.5 Earth Magic


You had 12 spell levels left.
You knew the following spells:

 Your Spells              Type           Power      Damage    Failure   Level
a - Sandblast             Erth           100%       2d20      1%          1
b - Stone Arrow           Conj/Erth      92%        3d12      2%          3

Your spell library contained the following spells:

 Spells                   Type           Power      Damage    Failure   Level
 Passwall                 Tmut/Erth      27%        N/A       3%          2
 Static Discharge         Conj/Air       26%        2-4/arc   7%          2
 Petrify                  Tmut/Erth      33%        N/A       19%         4
 Airstrike                Air            2%         2d(1-17)  77%         4
 Summon Lightning Spire   Summ/Air       4%         N/A       77%         4
 Simulacrum               Ice/Necr       2%         N/A       100%        6
 Ozocubu's Refrigeration  Ice            2%         4d7       100%        7
 Polar Vortex             Ice            2%         N/A       100%        9


Dungeon Overview and Level Annotations

Branches:
Dungeon (7/15)             Temple (1/1) D:4

Altars:
Ashenzari
Cheibriados
Dithmenos
Fedhas
Gozag
Hepliaklqana
Makhleb
Nemelex Xobeh
Qazlal
Ru
Trog
Uskayaw
Wu Jian
Xom
Yredelemnul
Zin
The Shining One

Shops:
D:7 !


Innate Abilities, Weirdness & Mutations

You are immune to sickness and miasma.
Your stone body is resilient. (AC +6)
You are immune to poison.
You resist negative energy. (rN+)
You are resistant to electric shocks. (rElec)
You are resistant to unholy torment.
You are immune to petrification.


Message History

The orc warrior is severely wounded.
The orc warrior misses you.
The orc warrior hits you with a +2 mace of venom.
* * * LOW HITPOINT WARNING * * *
Casting: Sandblast (safe; 1% risk of failure)
Confirm with . or Enter, or press ? or * to list all spells.
Aiming: Sandblast (safe; 1% risk of failure)
Press: ? - help, Shift-Dir - straight line, f/p - orc warrior
Aim: an orc warrior, wielding a +2 mace of venom and wearing a +0 plate armour of poison resistance (severely wounded, 85% to hit)
You feel a surge of power!
The blast of sand hits the orc warrior but does no damage.
The orc warrior is severely wounded.
The orc attacks as you move away! The orc completely misses you.
The orc attacks as you move away! The orc hits you but does no damage.
The orc warrior attacks as you move away!
The orc warrior hits you with a +2 mace of venom.
* * * LOW HITPOINT WARNING * * *
The orc warrior attacks as you move away!
The orc warrior hits you with a +2 mace of venom!
* * * LOW HITPOINT WARNING * * *
You feel better.
The orc warrior hits you with a +2 mace of venom.
* * * LOW HITPOINT WARNING * * *
You feel better.
The orc warrior hits you with a +2 mace of venom!
* * * LOW HITPOINT WARNING * * *
The orc hits you but does no damage. The orc attacks as you move away!
The orc completely misses you.
The orc warrior attacks as you move away!
The orc warrior completely misses you. The orc attacks as you move away!
The orc barely misses you.
The orc warrior attacks as you move away!
The orc warrior barely misses you.
The orc warrior attacks as you move away!
The orc warrior completely misses you.
The orc warrior attacks as you move away!
The orc warrior barely misses you.
The orc warrior attacks as you move away!
The orc warrior hits you with a +2 mace of venom!
You die...

##....# #......# #.. #.....#
#..)...# #. <....# ##......#
##. #. ..).## ##.......##
#... #. ..### #.........#
#...# #. .## ##...#.#...##
....##. ## #...##.##...#
#...#. # ###..###.##...###
#.... # ###.#.....#..@....#
##... ##
#.#......##..oo...### ##..
.####..##.#..........#.# ##.
.#.##...#.####......#..# ##
.......#..####.......#######
# .....##.........#....##.#..
##
.#...##....#.#.........#..#
#.
##......#..#.......###.##.###
#.
#.#...............###......#
#.


You could see an orc warrior and an orc.

Vanquished Creatures
  2 orc warriors
  An ice beast (D:6)
  An ogre (D:7)
  3 phantoms
  Blork the orc (D:5)
  A necrophage (D:6)
  3 scorpions
  A wight (D:7)
  5 hounds
  A jelly (D:6)
  3 orc priests (D:7)
  3 iguanas
  Ijyb (D:4)
  Natasha (thrice) (D:2)
  4 orc wizards
  Terence (D:2)
  A hound skeleton (D:6)
  12 gnolls
  5 adders
  A white imp (D:5)
  An ufetubus (D:6)
  2 worms
  4 dart slugs
  12 orcs
  7 ball pythons
  6 endoplasms
  5 giant cockroaches
  9 goblins
  7 hobgoblins
  A quokka (D:1)
  7 bats
  3 frilled lizards
  9 kobolds
  2 rats
128 creatures vanquished.

Notes
Turn   | Place    | Note
-------+----------+-------------------------------------------
     0 | D:1      | cheesebisquit the Gargoyle Earth Elementalist began the
                  | quest for the Orb.
     0 | D:1      | Reached XP level 1. HP: 10/10 MP: 3/3
   103 | D:1      | Reached skill level 4 in Earth Magic
   103 | D:1      | Reached XP level 2. HP: 6/15 MP: 3/5
   301 | D:1      | Reached XP level 3. HP: 19/19 MP: 4/6
   523 | D:1      | You fall into a shaft and drop 1 floor!
   721 | D:2      | Found a faded altar of an unknown god.
  1036 | D:1      | Reached XP level 4. HP: 19/24 MP: 6/8
  1403 | D:2      | Identified the +1 robe of Ivvuumah {Fly rPois Dex-3}
  1516 | D:2      | Noticed Natasha
  1518 | D:2      | Killed Natasha
  1519 | D:2      | Reached skill level 5 in Earth Magic
  1534 | D:2      | Noticed Natasha
  1542 | D:2      | Killed Natasha
  1548 | D:2      | Reached XP level 5. HP: 26/28 MP: 4/10
  1671 | D:2      | Noticed Natasha
  1674 | D:2      | Killed Natasha
  1751 | D:2      | Noticed Terence
  1758 | D:2      | Killed Terence
  2044 | D:3      | Reached skill level 6 in Earth Magic
  2048 | D:3      | Learned a level 3 spell: Stone Arrow
  2202 | D:3      | Reached XP level 6. HP: 31/33 MP: 6/12
  2372 | D:3      | Identified the +0 dagger of World's End {freeze, rElec
                  | rPois Str+3}
  2428 | D:3      | Reached skill level 1 in Fighting
  2843 | D:4      | Found a staircase to the Ecumenical Temple.
  2849 | D:4      | Noticed Ijyb
  2853 | D:4      | Killed Ijyb
  2859 | Temple   | Entered the Ecumenical Temple
  3206 | D:4      | Reached skill level 1 in Conjurations
  3206 | D:4      | Reached XP level 7. HP: 40/40 MP: 11/13
  3338 | D:5      | Entered Level 5 of the Dungeon
  3501 | D:5      | Reached skill level 7 in Earth Magic
  3557 | D:5      | Noticed Blork the orc
  3561 | D:5      | Killed Blork the orc
  3738 | D:5      | Found a broken altar of Ashenzari.
  3978 | D:6      | Reached XP level 8. HP: 46/46 MP: 7/14
  4453 | D:6      | Found a bloodstained altar of Trog.
  4933 | D:6      | Found a burning altar of Makhleb.
  4937 | D:6      | Reached skill level 8 in Earth Magic
  5273 | D:7      | Reached skill level 5 in Fighting
  5510 | D:7      | Reached XP level 9. HP: 54/54 MP: 8/15
  5697 | D:7      | Found Ekoleag's Distillery.
  5702 | D:7      | Bought 2 potions of heal wounds for 160 gold pieces
  5702 | D:7      | Bought a potion of attraction for 48 gold pieces
  5702 | D:7      | Bought a potion of curing for 48 gold pieces
  5702 | D:7      | Bought a potion of invisibility for 128 gold pieces
  5702 | D:7      | Bought a potion of curing for 48 gold pieces
  5702 | D:7      | Bought a potion of degeneration for 16 gold pieces
  5786 | D:7      | Slain by an orc warrior

Illustrated notes

Levels and vault maps discovered:
D:1:      eino_arrival_tree_alley, layout_loops_ring, minmay_gold_behind_fungi
D:2:      layout_loops_cross, serial_rivers, chequers_serial_rivers_room_b,
          chequers_serial_rivers_small_3, chequers_serial_rivers_micro_a,
          chequers_serial_rivers_marsh, nicolae_ecumenical_oubliette,
          amcnicky_mini_pool_small, uniq_natasha, uniq_terence
D:3:      layout_rooms, grunt_ministairs_7, kennysheep_generic_room_14
D:4:      layout_cave_pools, temple_fountains, hex_tiny,
          chequers_serial_rivers_micro_a, uniq_ijyb
D:5:      layout_cave_pools, evilmike_ruin_ashenzari, uniq_blork_the_orc
D:6:      layout_cave_pools, makhleb_blood_cavern_becter, trog_butcher_becter,
          nicolae_overflow_hidden_temple
D:7:      layout_layer_cave, minmay_shop_grid_forest
Temple:   compressed_dpeg_circular_temple

Skill      XL: |  1  2  3  4  5  6  7  8 |
---------------+-------------------------+-----
Earth Magic    | 4 5 6 7 8 |  8.5
Spellcasting   | 3 4 |  4.0
Fighting       | 2 3 5 |  5.3
Dodging        | 2 3 4 |  4.4
Conjurations   | 1 3 4 |  4.9
Stealth        | |  2.1
Transmutations | |  0.7

Action                     |  1- 3 |  4- 6 |  7- 9 || total
---------------------------+-------+-------+-------++-------
  Melee: Unarmed           |     3 |       |     4 ||     7
         Staff             |       |       |    54 ||    54
         Punch             |       |       |     1 ||     1
   Cast: Sandblast         |    48 |    82 |    29 ||   159
         Stone Arrow       |       |       |    47 ||    47
    Use: Potion            |     1 |       |    10 ||    11
         Scroll            |       |       |     6 ||     6
 Armour: Robe              |     5 |     4 |    37 ||    46
         Skin              |       |       |     5 ||     5
  Dodge: Dodged            |    12 |    12 |    68 ||    92
